 Dungeon Crawl Stone Soup version 0.31-a0-177-g4aa6249778 (webtiles) character file.

Game seed: 11372147887955987813

1449 Eddy6969 the Cleaver (level 8, -8/63 HPs)
             Began as a Minotaur Chaos Knight on June 19, 2023.
             Was a Plaything of Xom.
             Mangled by Dowan the tarantella (shapeshifter) (13 damage)
             ... on level 6 of the Dungeon.
             The game lasted 00:12:19 (4543 turns).

Eddy6969 the Cleaver (Minotaur Chaos Knight)        Turns: 4543, Time: 00:12:21

Health: -8/63      AC: 12    Str: 18    XL:     8   Next: 47%
Magic:  7/7        EV:  8    Int:  9    God:    Xom [......]
Gold:   399        SH:  0    Dex:  9    Spells: 7/7 levels left

rFire   . . .        a - +0 hand axe (chaos)
rCold   . . .        (no shield)
rNeg    . . .        t - +0 chain mail "Caxi" {+Inv Str-2 Slay+2}
rPois   .            (helmet restricted)
rElec   .            (no cloak)
rCorr   .            i - +0 pair of gloves
SInv    .            q - +0 pair of boots
Will    .....        m - amulet of the acrobat Stlth
                     (no ring)
HPRegen 0.30/turn    (no ring)
MPRegen 0.10/turn

%: acrobat
@: no status effects
A: horns 2, retaliatory headbutt, deterioration 1, frail 1, wild magic 1
a: Renounce Religion, Evoke Invisibility


You were on level 6 of the Dungeon.
You worshipped Xom.
You were a very special plaything of Xom.
You visited 1 branch of the dungeon, and saw 6 of its levels.

You collected 399 gold pieces.

Inventory:

Hand Weapons
 a - a +0 hand axe of chaos (weapon)
 p - a +1 short sword of venom
Missiles
 e - 7 poisoned darts
 h - 36 stones
 r - 4 boomerangs
 v - 2 atropa-tipped darts
Armour
 b - a +2 leather armour
 i - a +0 pair of gloves (worn)
 q - a +0 pair of boots (worn)
 t - the +0 chain mail "Caxi" (worn) {+Inv Str-2 Slay+2}
   (You found it on level 3 of the Dungeon)

   Str:       It affects your strength (-2).
   Slay:      It affects your accuracy & damage with ranged weapons and melee
   (+2).
   +Inv:      It lets you turn invisible.
 y - a +1 leather armour of positive energy
Jewellery
 m - an amulet of the acrobat (around neck)
 F - a +5 ring of evasion
Scrolls
 f - a scroll of fog {unknown}
 g - 7 scrolls of identify (quivered) {unknown}
 k - a scroll of immolation {unknown}
 n - 4 scrolls of amnesia {unknown}
 o - 3 scrolls of teleportation {unknown}
 u - 2 scrolls of enchant armour {unknown}
 w - a scroll of fear {unknown}
 x - a scroll of enchant weapon {unknown}
 B - 2 scrolls of blinking {unknown}
 C - a scroll of brand weapon {unknown}
Potions
 j - 3 potions of heal wounds {unknown}
 l - 5 potions of curing {unknown}
 s - a potion of berserk rage {unknown}
 z - 2 potions of invisibility {unknown}
 A - a potion of resistance {unknown}
 D - 2 potions of enlightenment {unknown}
 E - a potion of attraction {unknown}
Miscellaneous
 c - a piece from Xom's chessboard (5/15)


   Skills:
 + Level 6.1 Fighting
 + Level 8.1 Axes
 + Level 5.5 Armour
 + Level 3.3 Dodging
 + Level 4.0 Stealth
 + Level 2.2 Evocations


You had 7 spell levels left.
You didn't know any spells.
Your spell library contained the following spells:

 Spells                   Type           Power      Damage    Failure   Level
 Apportation              Tloc           0%         N/A       99%         1
 Beastly Appendage        Tmut           0%         N/A       99%         1
 Necrotise                Necr           0%         1d4       99%         1
 Summon Small Mammal      Summ           0%         N/A       99%         1
 Blink                    Tloc           0%         N/A       99%         2
 Cigotuvi's Dreadful Rot  Necr/Pois/Air  0%         N/A       99%         2
 Wereblood                Tmut           0%         N/A       99%         2
 Ignite Poison            Fire/Tmut/Pois 0%         N/A       100%        3
 Spider Form              Tmut/Pois      0%         N/A       100%        3
 Teleport Other           Tloc           0%         N/A       100%        3
 Iskenderun's Mystic Bla  Conj/Tloc      0%         2d3       100%        4
 Manifold Assault         Tloc           0%         N/A       100%        4
 Freezing Cloud           Conj/Ice/Air   0%         6-21      100%        5


Dungeon Overview and Level Annotations

Branches:
Dungeon (6/15)
 Temple: D:4-7

Altars:
Gozag
Uskayaw
Yredelemnul

Annotations:
D:6 Dowan, Duvessa, Maggie


Innate Abilities, Weirdness & Mutations

You have a pair of horns on your head.
You reflexively headbutt those who attack you in melee.
Your body sometimes deteriorates upon taking damage.
You are frail. (-10% HP)
Your spells are a little harder to cast, but a little more powerful.


Message History

Duvessa, Sister of Dowan comes into view.
She is wielding a +0 short sword.
Maggie barely misses you.
You closely miss Dowan. Maggie hits you but does no damage. Dowan touches you.
You closely miss Dowan. You headbutt Dowan.
Dowan is lightly wounded.
Dowan barely misses you. You furiously retaliate!
You headbutt Dowan. Maggie hits you but does no damage.
You closely miss Dowan.
Dowan is moderately wounded.
Dowan touches you!
You are confused.
Maggie hits you from afar with a +0 glaive.
Dowan touches you.
You are more confused.
You closely miss Dowan. Your headbutt misses Dowan.
Dowan is moderately wounded.
Dowan barely misses you. Maggie hits you but does no damage.
Dowan attacks as you move away! Dowan touches you!
You are more confused.
Duvessa attacks as you move away! Duvessa barely misses you.
You miss Dowan. Your headbutt misses Dowan.
Dowan is moderately wounded.
You hit Duvessa. You freeze Duvessa. Dowan touches you but does no damage.
Dowan barely misses you.
Maggie hits you from afar with a +0 glaive!
* * * LOW HITPOINT WARNING * * *
Duvessa hits you with a +0 short sword.
* * * LOW HITPOINT WARNING * * *
Dowan touches you!
* * * LOW HITPOINT WARNING * * *
Maggie gives herself a magical halo, but it quickly sputters out.
Maggie misses you.
It was a potion of cancellation.
Your magical effects are unravelling.
You feel magically purged.
Xom thinks this is hilarious!
You feel less confused. Dowan touches you!
You die...
Xom laughs nastily!

......# ......#
......#######
#####..##... ######.##.##
#+## .. .......#...###
###...#...
##.......♣...###.?.♣.'...
#.....#.†......es@..#
.......###....<.@o.###
........ ###.....###
......... ##.♣.##
...#.....# #.....#
..###.####....<.... ..
#.# ...........
♣...###...♣ .##


You could see Maggie, Duvessa, Dowan the tarantella shaped shifter and an orc.

Vanquished Creatures
  The ghost of Voker57 the Trooper, a novice DsMo of Sif Muna (D:5)
  Grinder (D:6)
  Sigmund (D:4)
  Eustachio (D:4)
  An acid dragon (D:6)
  A scorpion (D:5)
  A bullfrog (D:6)
  A bullfrog zombie (D:5)
  2 hounds (D:5)
  2 orc priests (D:4)
  2 iguanas
  3 orc wizards
  6 adders
  A howler monkey zombie (D:5)
  A white imp (D:5)
  3 worms
  2 dart slugs
  12 orcs
  5 endoplasms
  5 giant cockroaches
  7 hobgoblins
  2 jackals (D:3)
  5 quokkas
  7 ball pythons
  4 bats
  2 frilled lizards
  3 goblins
  4 kobolds (D:1)
  4 rats
90 creatures vanquished.

Vanquished Creatures (others)
  A centaur (D:5)
1 creature vanquished.

Grand Total: 91 creatures vanquished

Notes
Turn   | Place    | Note
-------+----------+-------------------------------------------
     0 | D:1      | Eddy6969 the Minotaur Chaos Knight began the quest for the
                  | Orb.
     0 | D:1      | Reached XP level 1. HP: 19/19 MP: 0/0
    64 | D:1      | Reached skill level 4 in Axes
    65 | D:1      | Reached XP level 2. HP: 26/27 MP: 1/1
   409 | D:1      | XOM: silly message
   629 | D:2      | XOM: noise
   717 | D:2      | Reached XP level 3. HP: 34/34 MP: 2/2
   901 | D:2      | XOM: silly message
  1198 | D:3      | Identified the +0 chain mail "Caxi" {+Inv Str-2 Slay+2}
  1256 | D:3      | XOM: god gift: book of Cantrips
  1328 | D:3      | Reached XP level 4. HP: 41/41 MP: 3/3
  1376 | D:3      | Found a hide-covered altar of Uskayaw.
  1385 | D:3      | Got the Grimoire of Location
  1512 | D:3      | XOM: give mutations
  1512 | D:3      | Gained mutation: Your body sometimes deteriorates upon
                  | taking damage. [Xom's mischief]
  1512 | D:3      | Lost mutation: Your body sometimes deteriorates upon taking
                  | damage. [Xom's mischief]
  1512 | D:3      | Gained mutation: You are covered in fur. (AC +1) [Xom's
                  | mischief]
  1512 | D:3      | Gained mutation: You occasionally shout uncontrollably at
                  | your foes. [Xom's mischief]
  1726 | D:3      | XOM is BORED!
  1726 | D:3      | XOM: give mutations
  1726 | D:3      | Lost mutation: You occasionally shout uncontrollably at
                  | your foes. [Xom's mischief]
  1726 | D:3      | Gained mutation: You occasionally shout uncontrollably at
                  | your foes. [Xom's mischief]
  1726 | D:3      | Gained mutation: Potions are less effective at restoring
                  | your health. [Xom's mischief]
  1726 | D:3      | Gained mutation: You have an increased reservoir of magic.
                  | (+10% MP) [Xom's mischief]
  1976 | D:4      | Found an opulent altar of Gozag.
  1984 | D:4      | Noticed Sigmund
  2000 | D:4      | Killed Sigmund
  2001 | D:4      | Reached skill level 5 in Fighting
  2001 | D:4      | Reached skill level 5 in Axes
  2001 | D:4      | Reached XP level 5. HP: 47/48 MP: 4/4
  2006 | D:4      | XOM: stat loss: -1 Dex (8/9)
  2073 | D:4      | Reached XP level 6. HP: 54/56 MP: 5/5
  2101 | D:4      | Reached skill level 1 in Evocations
  2140 | D:4      | XOM: god gift: purple potion {god gift}
  2232 | D:4      | Reached skill level 6 in Axes
  2430 | D:4      | Noticed Eustachio
  2433 | D:4      | XOM: confuse monster(s)
  2441 | D:4      | XOM: 2-stop teleportation journey
  2592 | D:4      | XOM: god gift: chain mail {god gift}
  2670 | D:4      | XOM: enchant monster (good)
  2679 | D:4      | Killed Eustachio
  2810 | D:4      | XOM: god gift: 44 gold pieces
  3205 | D:5      | Entered Level 5 of the Dungeon
  3317 | D:5      | Reached XP level 7. HP: 61/61 MP: 6/6
  3342 | D:5      | XOM: divine lightning
  3389 | D:5      | XOM: god gift: scroll labelled ZAQUCVO CAEWI {god gift}
  3438 | D:5      | XOM: give mutations
  3438 | D:5      | Lost mutation: You have an increased reservoir of magic.
                  | (+10% MP) [Xom's mischief]
  3438 | D:5      | Gained mutation: Your spells are a little harder to cast,
                  | but a little more powerful. [Xom's mischief]
  3438 | D:5      | Gained mutation: You are frail. (-10% HP) [Xom's mischief]
  3468 | D:5      | Found a runed translucent gate.
  3468 | D:5      | Found a runed translucent gate.
  3468 | D:5      | Found a runed translucent gate.
  3468 | D:5      | Noticed Voker57's ghost (novice DsMo)
  3470 | D:5      | Found a basalt altar of Yredelemnul.
  3498 | D:5      | Killed Voker57's ghost
  3499 | D:5      | Reached skill level 7 in Axes
  3626 | D:5      | XOM: smoke on damage
  3628 | D:5      | Reached skill level 5 in Armour
  3735 | D:5      | XOM: scenery: 1 doors open
  3747 | D:5      | Reached XP level 8. HP: 49/63 MP: 7/7
  3877 | D:5      | XOM: 1-stop teleportation journey
  4116 | D:5      | XOM: swap monsters
  4176 | D:5      | XOM: give mutations
  4176 | D:5      | Lost mutation: You occasionally shout uncontrollably at
                  | your foes. [Xom's mischief]
  4176 | D:5      | Lost mutation: You are covered in fur. (AC +1) [Xom's
                  | mischief]
  4176 | D:5      | Lost mutation: Potions are less effective at restoring your
                  | health. [Xom's mischief]
  4176 | D:5      | Gained mutation: Your body sometimes deteriorates upon
                  | taking damage. [Xom's mischief]
  4320 | D:6      | Noticed Grinder
  4333 | D:6      | Killed Grinder
  4371 | D:6      | Reached skill level 8 in Axes
  4526 | D:6      | Noticed Dowan
  4531 | D:6      | Noticed Maggie
  4535 | D:6      | Dowan changed into Dowan the shapeshifter
  4535 | D:6      | Noticed Dowan (shapeshifter)
  4535 | D:6      | XOM: chaos upgrade
  4535 | D:6      | Dowan the shapeshifter changed into Dowan the tarantella
  4535 | D:6      | Noticed Dowan (shapeshifter)
  4535 | D:6      | Noticed Duvessa
  4543 | D:6      | Mangled by Dowan the tarantella (shapeshifter)

Illustrated notes

Levels and vault maps discovered:
D:1:      saegor_arrival_simple_a, layout_rooms
D:2:      layout_basic
D:3:      layout_loops_ring, nicolae_uskayaw_suspiria,
          nicolae_overflow_hidden_temple
D:4:      layout_basic, amcnicky_altar_gilded, serial_corexii_hall,
          corexii_hall_statues_t, chequers_hall_statues_wall_a, uniq_sigmund,
          uniq_eustachio
D:5:      layout_gridville, nicolae_yredelemnul_ghost_church,
          minmay_misc_feat_secret_circle
D:6:      layout_basic, kennysheep_little_box, grunt_ministairs_13,
          uniq_grinder, uniq_duvessa, uniq_maggie

Skill      XL: |  1  2  3  4  5  6  7  8 |
---------------+-------------------------+-----
Axes           | 4 5 6 7 8 |  8.1
Fighting       | 4 5 6 |  6.1
Dodging        | 2 3 |  3.3
Armour         | 3 4 5 |  5.5
Evocations     | 1 2 |  2.2
Stealth        | 3 4 |  4.0

Action                     |  1- 3 |  4- 6 |  7- 9 || total
---------------------------+-------+-------+-------++-------
  Melee: Hand axe          |    67 |    72 |    88 ||   227
         Headbutt          |    14 |    11 |    19 ||    44
         Punch             |       |     1 |       ||     1
  Evoke: Piece from Xom's  |     3 |    12 |    14 ||    29
    Use: Potion            |       |       |     1 ||     1
   Stab: Paralysed         |       |     2 |    14 ||    16
         Petrifying        |       |       |     1 ||     1
         Petrified         |       |       |     6 ||     6
         Confused          |       |       |     1 ||     1
 Armour: Leather armour    |    23 |       |       ||    23
         Chain mail        |     7 |    28 |    44 ||    79
  Dodge: Dodged            |    49 |    40 |    50 ||   139

Table legend: (Time is in decaauts)
 A = Elapsed time spent in this place.
 B = Non-inter-level travel time spent in this place.
 C = Inter-level travel time spent in this place.
 D = Time resting spent in this place.
 E = Time spent auto-exploring this place.
 F = Levels seen in this place.
 G = Mean time per level.
                   A        B        C        D        E       F      G
               +--------+--------+--------+--------+--------+-----+--------+
         Total |   4543 |   4290 |    253 |      0 |   3463 |   6 |  757.2 |
       Dungeon |   4543 |   4290 |    253 |      0 |   3463 |   6 |  757.2 |
               +--------+--------+--------+--------+--------+-----+--------+

Top non-repeatable levels by time:
     D:4: 1330 daAuts
     D:5: 987 daAuts
     D:3: 709 daAuts
     D:2: 675 daAuts
     D:1: 496 daAuts
     D:6: 344 daAuts
